 Dungeon Sprint DCSS version 0.30-a0-1016-gfb0d676c02 (webtiles) character file.

Game seed: 15281675398031839415

15 BigDaddyOpFi the Sneak (level 2, -1/11 HPs)
             Began as a Felid Earth Elementalist on Apr 6, 2023.
             Was a Follower of Vehumet.
             Slain by a kobold
             ... wielding a +0 club
              (3 damage)
             ... in the Dungeon (Sprint VII: "The Pits").
             The game lasted 00:00:49 (222 turns).

BigDaddyOpFi the Sneak (Felid Earth Elementalist)    Turns: 222, Time: 00:00:49

Health: -1/11      AC:  1    Str:  4    XL:     2   Next: 34%
Magic:  4/6        EV: 18    Int: 16    God:    Vehumet [*.....]
Gold:   0          SH:  0    Dex: 16    Spells: 5/6 levels left
                                        Lives:  0   Deaths: 0

rFire   . . .      SeeInvis +    (weapon unavailable)
rCold   . . .      Faith    .    (shield unavailable)
rNeg    . . .      Spirit   .    (body armour unavailable)
rPois   .          Reflect  .    (helmet unavailable)
rElec   .          Rampage  .    (cloak unavailable)
rCorr   .          NoTele   +    (gloves unavailable)
Will    .....                    (boots unavailable)
Stlth   +++                      (no amulet)
HPRegen 0.21/turn                (no ring)
MPRegen 0.10/turn                (no ring)

@: quick
A: very small, claws 1, fangs 3, see invisible, speed 1, shaggy fur 1, stealthy
paws, no weapons or thrown items, no armour, multi-lived
a: Renounce Religion


You were in the Dungeon.
You worshipped Vehumet.
Vehumet was aware of your devotion.
You visited 1 branch

Inventory:

Scrolls
 f - a scroll of blinking
Potions
 a - 4 potions of magic
 b - a potion of curing
 d - a potion of haste
 e - 3 potions of berserk rage
 g - 2 potions of invisibility


   Skills:
 + Level 3.7 Dodging
 + Level 3.9 Stealth
 + Level 2.6 Spellcasting
 * Level 2.0 Conjurations
 - Level 1.4 Transmutations
 + Level 3.2 Earth Magic


You had 5 spell levels left.
You knew the following spells:

 Your Spells              Type           Power      Damage    Failure   Level
a - Sandblast             Erth           24%        2d8       5%          1

Your spell library contained the following spells:

 Spells                   Type           Power      Damage    Failure   Level
 Kiss of Death            Conj/Necr      20%        2d7       13%         1
 Passwall                 Tmut/Erth      7%         N/A       11%         2
 Stone Arrow              Conj/Erth      20%        3d8       21%         3
 Petrify                  Tmut/Erth      9%         N/A       58%         4


Dungeon Overview and Level Annotations

Branches:
Dungeon (1/1)

Altars:
Ashenzari
Cheibriados
Dithmenos
Elyvilon
Fedhas
Gozag
Hepliaklqana
Kikubaaqudgha
Makhleb
Nemelex Xobeh
Okawaru
Qazlal
Ru
Sif Muna
Trog
Uskayaw
Vehumet
Wu Jian
Xom
Yredelemnul
Zin
The Shining One
Jiyva
Lugonu


Innate Abilities, Weirdness & Mutations

You have sharp claws.
You have razor-sharp teeth.
You have supernaturally acute eyesight. (SInv)
You cover ground quickly. (Speed+)
You are covered in fur. (AC +1)
Your paws help you pounce on unaware monsters.
You are incapable of wielding weapons or throwing items.
You cannot wear armour.
You gain extra lives every three experience levels.


Message History

Aim: a gnoll, wielding a +0 spear (moderately wounded, 84% to hit)
The blast of sand hits the gnoll.
The gnoll is severely wounded.
The gnoll barely misses you. The gnoll misses you.
Aiming: Sandblast (safe; 6% risk of failure)
Press: ? - help, Q - select action Shift-Dir - straight line, f/p - gnoll
Aim: a gnoll, wielding a +0 spear (severely wounded, 84% to hit)
The blast of sand hits the gnoll!
You kill the gnoll!
Vehumet accepts your kill.
You can now gain magical power from killing.
Vehumet offers you knowledge of Kiss of Death.
You feel your power returning.
Your Conjurations skill increases to level 2!
You have reached level 2!
There is an open door here.
You start resting.
Magic restored.
You start waiting.
Done waiting.
You open the door.
A gnoll and a kobold come into view.
Aiming: Sandblast (safe; 5% risk of failure)
Press: ? - help, Q - select action Shift-Dir - straight line, f - gnoll
Aim: a gnoll, wielding a +0 spear (asleep, 100% to hit)
The blast of sand hits the gnoll.
The gnoll is moderately wounded.
The gnoll shouts!
The kobold shouts!
The gnoll hits you from afar with a +0 spear.
Aiming: Sandblast (safe; 5% risk of failure)
Press: ? - help, Q - select action Shift-Dir - straight line, f/p - gnoll
Aim: a gnoll, wielding a +0 spear (moderately wounded, 84% to hit)
The blast of sand hits the gnoll.
The gnoll is severely wounded.
The gnoll hits you from afar with a +0 spear!
Ouch! That really hurt!
* * * LOW HITPOINT WARNING * * *
The gnoll barely misses you. The kobold hits you with a +0 club.
You die...

#_________.#
#_______...###########+
##########'##..........
#.?(.')))'.##......#..#
##########.##..........
#.......†.).'..........
#+#####'#####......#..#
#.g#..#..##..........
#..K@.').#####'#####+
##+####+###.......#
#.......# #.......#
#...<...# #.......#
#.......# #.......#
#########


You could see a gnoll and a kobold.

Vanquished Creatures
  A gnoll (D)
  An adder skeleton (D)
  A kobold (D)
  A bat (D)
4 creatures vanquished.

Notes
Turn   | Place    | Note
-------+----------+-------------------------------------------
     0 | D        | BigDaddyOpFi the Felid Earth Elementalist began the quest
                  | for the Orb.
     0 | D        | Reached XP level 1. HP: 7/7 MP: 4/4
    18 | D        | Found a bloodstained altar of Trog.
    18 | D        | Found a shimmering blue altar of Sif Muna.
    18 | D        | Found a viscous altar of Jiyva.
    18 | D        | Found a hazy altar of Hepliaklqana.
    18 | D        | Found an opulent altar of Gozag.
    19 | D        | Found a glowing golden altar of the Shining One.
    19 | D        | Found a glowing silver altar of Zin.
    19 | D        | Found a basalt altar of Yredelemnul.
    19 | D        | Found a shimmering altar of Xom.
    19 | D        | Found an ornate altar of the Wu Jian Council.
    19 | D        | Found a sacrificial altar of Ru.
    19 | D        | Found a stormy altar of Qazlal.
    19 | D        | Found an iron altar of Okawaru.
    19 | D        | Found a sparkling altar of Nemelex Xobeh.
    19 | D        | Found a burning altar of Makhleb.
    19 | D        | Found a blossoming altar of Fedhas.
    19 | D        | Found a white marble altar of Elyvilon.
    19 | D        | Found a shadowy altar of Dithmenos.
    19 | D        | Found a snail-covered altar of Cheibriados.
    20 | D        | Found a radiant altar of Vehumet.
    20 | D        | Found a corrupted altar of Lugonu.
    21 | D        | Found a hide-covered altar of Uskayaw.
    21 | D        | Found an ancient bone altar of Kikubaaqudgha.
    21 | D        | Found a broken altar of Ashenzari.
    28 | D        | Became a worshipper of Vehumet
    84 | D        | Reached skill level 1 in Conjurations
    89 | D        | Reached * piety under Vehumet
    89 | D        | Offered knowledge of Kiss of Death by Vehumet.
    90 | D        | Reached XP level 2. HP: 11/11 MP: 3/6
   222 | D        | Slain by a kobold

Illustrated notes

Levels and vault maps discovered:
D:        pitsprint [storerooms_1, entrance_room_1, metal_vault_5, armoury_1,
          mini_pit_1, grid_room_1, main_hall_1, silver_pit, the_coven_3,
          the_vestibule_1, steel_vault_3, golden_pit, hallway_of_sentries,
          crystal_vault_2, iron_vault_2, final_vault]

Skill      XL: |  1 |
---------------+----+-----
Dodging        | 3 |  3.7
Stealth        | 3 |  3.9
Conjurations   | 2 |  2.0
Earth Magic    | 3 |  3.2
Spellcasting   | |  2.6
Transmutations | |  1.4

Action                     || total
---------------------------++-------
   Cast: Sandblast         ||    11
    Use: Potion            ||     2
 Armour: Skin              ||     1
  Dodge: Dodged            ||    12

Table legend: (Time is in decaauts)
 A = Elapsed time spent in this place.
 B = Non-inter-level travel time spent in this place.
 C = Inter-level travel time spent in this place.
 D = Time resting spent in this place.
 E = Time spent auto-exploring this place.
 F = Levels seen in this place.
 G = Mean time per level.
                   A        B        C        D        E       F      G
               +--------+--------+--------+--------+--------+-----+--------+
         Total |    216 |    216 |      0 |    146 |      0 |   1 |  216.0 |
       Dungeon |    216 |    216 |      0 |    146 |      0 |   1 |  216.0 |
               +--------+--------+--------+--------+--------+-----+--------+

Top non-repeatable levels by time:
       D: 216 daAuts
